[Event "23rd ETCC Open 2021"]
[Site "Catez"]
[Date "2021.11.20"]
[Round "8.59"]
[White "Brilej, Jaka"]
[Black "Petenyi, Tamas"]
[Result "1/2-1/2"]
[ECO "B07"]
[WhiteElo "2341"]
[BlackElo "2458"]
[Annotator "ChessBase"]
[PlyCount "118"]
[EventDate "2021.11.08"]
[EventType "team-tourn"]
[EventCountry "SLO"]
[SourceTitle "playchess.com"]
[Source "ChessBase"]
[SourceQuality "1"]
[WhiteTeam "Slovenia"]
[BlackTeam "Slovakia"]
[WhiteTeamCountry "SLO"]
[BlackTeamCountry "SVK"]
[TimeControl "40/5400+30:1800+30"]

1. e4 c6 2. Nf3 d6 3. d4 Nf6 4. Nc3 Bg4 5. Be3 Nbd7 6. h3 Bxf3 7. Qxf3 g6 8.
Be2 Bg7 9. O-O O-O 10. Qg3 e5 11. dxe5 dxe5 12. Rad1 Qe7 13. a3 Nc5 14. Bxc5
Qxc5 15. Rd3 Rfd8 16. Rfd1 Rd4 17. Qe3 Nd7 18. R3d2 Nb6 19. Na2 Qf8 20. g4 Qe7
21. c3 Rxd2 22. Qxd2 Qh4 23. Kg2 Bf8 24. Nb4 Bc5 25. Nd3 Nc4 26. Qc1 Bb6 27.
Bf3 Rd8 28. Qc2 Kg7 29. a4 f6 30. b3 Nd6 31. a5 Bc7 32. Nc5 Re8 33. Nxb7 Nxb7
34. Rd7+ Kf8 35. Rxc7 Nd8 36. Qd2 Ne6 37. Qd6+ Kg8 38. Qd7 Nxc7 39. Qxc7 Qh6
40. Qxa7 Qf8 41. b4 Qd6 42. a6 Re7 43. Qb6 Qc7 44. Qxc7 Rxc7 45. c4 Ra7 46. b5
g5 47. Kf1 c5 48. Ke2 Kf8 49. Kd3 Ke7 50. Kc3 Kd6 51. Bd1 Kc7 52. Be2 Kb6 53.
Bd1 Rd7 54. Be2 Rd4 55. Bd3 h6 56. Bc2 Rd7 57. Bd3 Rh7 58. Be2 Rd7 59. Bd3 Rh7
1/2-1/2

[Event "23rd ETCC Open 2021"]
[Site "Catez"]
[Date "2021.11.20"]
[Round "8.60"]
[White "Sahidi, Samir"]
[Black "Stevanic, David"]
[Result "1-0"]
[ECO "E94"]
[WhiteElo "2432"]
[BlackElo "2318"]
[Annotator "NA"]
[PlyCount "77"]
[EventDate "2021.11.08"]
[EventType "team-tourn"]
[EventCountry "SLO"]
[SourceTitle "playchess.com"]
[Source "ChessBase"]
[SourceQuality "1"]
[WhiteTeam "Slovakia"]
[BlackTeam "Slovenia"]
[WhiteTeamCountry "SVK"]
[BlackTeamCountry "SLO"]
[TimeControl "40/5400+30:1800+30"]

1. d4 Nf6 2. c4 g6 3. Nc3 Bg7 4. e4 d6 5. Nf3 O-O 6. Be2 e5 7. O-O exd4 8. Nxd4
Re8 9. f3 Nc6 10. Be3 Nh5 11. f4 Nf6 12. Bf3 Bd7 13. Nc2 a5 14. c5 Nb4 15. cxd6
cxd6 16. Re1 Bg4 17. Nd4 Bxf3 18. Qxf3 Qc8 19. Rad1 Ng4 20. Ndb5 Ra6 21. Re2 d5
22. e5 Nxe3 23. Qxe3 f6 24. a3 d4 25. Qxd4 fxe5 26. fxe5 Nc6 27. Qd5+ Kh8 28.
Nd6 Qe6 29. Nxe8 Qxe8 30. Nb5 Qe7 31. Nd6 Nxe5 32. Rxe5 Bxe5 33. Qxe5+ Qxe5 34.
Nf7+ Kg7 35. Nxe5 Kf6 36. Nc4 b5 37. Rd6+ Rxd6 38. Nxd6 b4 39. Nc4 1-0

[Event "23rd ETCC Open 2021"]
[Site "Catez"]
[Date "2021.11.20"]
[Round "8.63"]
[White "Klabis, Rokas"]
[Black "Nemeth, Zalan"]
[Result "1-0"]
[ECO "B00"]
[WhiteElo "2353"]
[BlackElo "2163"]
[Annotator "NA"]
[PlyCount "53"]
[EventDate "2021.11.08"]
[EventType "team-tourn"]
[EventCountry "SLO"]
[SourceTitle "playchess.com"]
[Source "ChessBase"]
[SourceQuality "1"]
[WhiteTeam "Lithuania"]
[BlackTeam "Ireland"]
[WhiteTeamCountry "LTU"]
[BlackTeamCountry "IRL"]
[TimeControl "40/5400+30:1800+30"]

1. e4 b6 2. d4 Bb7 3. Bd3 e6 4. Nf3 d5 5. exd5 Qxd5 6. Nc3 Qd8 7. Qe2 Nf6 8.
O-O Nbd7 9. Bf4 Bd6 10. Ne5 O-O 11. Rad1 h6 12. Rfe1 Nd5 13. Nxd5 exd5 14. Bxh6
Bxe5 15. dxe5 gxh6 16. Qg4+ Qg5 17. Qxd7 Rae8 18. Re3 Kh8 19. h4 Qg7 20. Rde1
Rg8 21. Rg3 Qf8 22. Rxg8+ Kxg8 23. Re3 Kh8 24. Qf5 Qg7 25. Rg3 Bc8 26. Qf4 Qf8
27. Qf6+ 1-0

[Event "23rd ETCC Open 2021"]
[Site "Catez"]
[Date "2021.11.20"]
[Round "8.64"]
[White "Kanyamarala, Trisha"]
[Black "Brazdzionis, Andrius"]
[Result "0-1"]
[ECO "E51"]
[WhiteElo "2089"]
[BlackElo "2356"]
[Annotator "NA"]
[PlyCount "200"]
[EventDate "2021.11.08"]
[EventType "team-tourn"]
[EventCountry "SLO"]
[SourceTitle "playchess.com"]
[Source "ChessBase"]
[SourceQuality "1"]
[WhiteTeam "Ireland"]
[BlackTeam "Lithuania"]
[WhiteTeamCountry "IRL"]
[BlackTeamCountry "LTU"]
[TimeControl "40/5400+30:1800+30"]

1. d4 Nf6 2. c4 e6 3. Nc3 Bb4 4. e3 O-O 5. Bd2 d5 6. Nf3 b6 7. cxd5 exd5 8. Bd3
Bd6 9. O-O Re8 10. Qb1 c5 11. e4 cxd4 12. Nxd5 Nxd5 13. exd5 h6 14. Nxd4 Bxh2+
15. Kxh2 Qh4+ 16. Kg1 Qxd4 17. Bc3 Qxd5 18. Re1 Re6 19. Be4 Rxe4 20. Qxe4 Qxe4
21. Rxe4 Be6 22. Rd1 Nc6 23. a3 Rc8 24. f4 Rc7 25. Kf2 Ne7 26. Red4 Kh7 27. Rd8
h5 28. Rh1 Kg6 29. Rhd1 Nf5 30. g3 f6 31. Re1 Bb3 32. Ree8 Ba4 33. Re4 Bc2 34.
Re1 Ba4 35. Rg1 Nh6 36. Ke2 Bd7 37. Ke3 Nf7 38. Rb8 Bg4 39. Re1 Nd6 40. Rd8
Nf5+ 41. Kf2 Rc4 42. Rh1 Re4 43. Re1 Rc4 44. Ree8 h4 45. gxh4 Rxf4+ 46. Ke1
Nxh4 47. Kd2 Rf1 48. Kc2 Nf5 49. Ra8 Nd6 50. Re7 a5 51. Rb8 a4 52. Rg8 Nf5 53.
Rb7 Bd1+ 54. Kd2 Bf3 55. Rgxg7+ Nxg7 56. Rxb6 Bd5 57. b4 axb3 58. a4 Nh5 59. a5
Ng3 60. Bd4 Ne4+ 61. Ke3 Ng5 62. a6 Ne6 63. Bc3 Rf3+ 64. Kd2 Nc5 65. Ba1 Rf2+
66. Ke3 Ra2 67. Bxf6 Rxa6 68. Rxa6 Nxa6 69. Bh8 Kf5 70. Kd2 Nc5 71. Bd4 Na4 72.
Bg7 Be4 73. Bh8 b2 74. Bxb2 Nxb2 75. Kc3 Nd3 76. Kd4 Kf4 77. Kc4 Ke5 78. Kc3
Kd5 79. Kb3 Kd4 80. Ka2 Kc3 81. Ka1 Bd5 82. Kb1 Bc4 83. Ka1 Ne1 84. Kb1 Nc2 85.
Kc1 Ba2 86. Kd1 Nd4 87. Kc1 Ne2+ 88. Kd1 Kd3 89. Ke1 Ke3 90. Kd1 Bb3+ 91. Ke1
Bc2 92. Kf1 Nf4 93. Kg1 Kf3 94. Kf1 Ng2 95. Kg1 Kg3 96. Kh1 Bd3 97. Kg1 Be2 98.
Kh1 Nf4 99. Kg1 Nh3+ 100. Kh1 Bf3# 0-1

[Event "23rd ETCC Open 2021"]
[Site "Catez"]
[Date "2021.11.20"]
[Round "8.65"]
[White "Pancevski, Filip"]
[Black "Dardha, Daniel"]
[Result "1/2-1/2"]
[ECO "B30"]
[WhiteElo "2490"]
[BlackElo "2525"]
[Annotator "ChessBase"]
[PlyCount "91"]
[EventDate "2021.11.08"]
[EventType "team-tourn"]
[EventCountry "SLO"]
[SourceTitle "playchess.com"]
[Source "ChessBase"]
[SourceQuality "1"]
[WhiteTeam "Macedonia"]
[BlackTeam "Belgium"]
[WhiteTeamCountry "MKD"]
[BlackTeamCountry "BEL"]
[TimeControl "40/5400+30:1800+30"]

1. e4 c5 2. Nf3 Nc6 3. Nc3 e5 4. Bc4 Be7 5. d3 d6 6. Nd2 Nf6 7. Nf1 Bg4 8. f3
Be6 9. Ne3 O-O 10. O-O a6 11. a4 Nb4 12. Kh1 d5 13. exd5 Nfxd5 14. Nexd5 Nxd5
15. Qe1 Qd6 16. Nxd5 Bxd5 17. Bxd5 Qxd5 18. Qe4 Rfd8 19. Be3 Rac8 20. b3 b6 21.
Kg1 Rd7 22. Rfd1 Bf8 23. Kf1 Rcd8 24. Qxd5 Rxd5 25. Ke2 R5d7 26. Bd2 f6 27.
Rab1 Rc8 28. f4 Re8 29. Kf3 b5 30. axb5 axb5 31. fxe5 Rxe5 32. Bf4 Rf5 33. g4
Rfd5 34. Re1 h5 35. h3 Bd6 36. Bxd6 R7xd6 37. Ra1 Rg5 38. Ra7 hxg4+ 39. hxg4 f5
40. Re8+ Kh7 41. gxf5 Rxf5+ 42. Ke3 Rg6 43. Ree7 Rg3+ 44. Ke4 Rf2 45. c4 bxc4
46. bxc4 1/2-1/2

[Event "23rd ETCC Open 2021"]
[Site "Catez"]
[Date "2021.11.20"]
[Round "8.66"]
[White "Docx, Stefan"]
[Black "Nikolovski, Nikola"]
[Result "1/2-1/2"]
[ECO "A96"]
[WhiteElo "2432"]
[BlackElo "2401"]
[Annotator "ChessBase"]
[PlyCount "170"]
[EventDate "2021.11.08"]
[EventType "team-tourn"]
[EventCountry "SLO"]
[SourceTitle "playchess.com"]
[Source "ChessBase"]
[SourceQuality "1"]
[WhiteTeam "Belgium"]
[BlackTeam "Macedonia"]
[WhiteTeamCountry "BEL"]
[BlackTeamCountry "MKD"]
[TimeControl "40/5400+30:1800+30"]

1. d4 e6 2. c4 f5 3. g3 Nf6 4. Bg2 Be7 5. Nf3 O-O 6. O-O d6 7. Nc3 Ne4 8. Nxe4
fxe4 9. Ne1 d5 10. Be3 Nc6 11. Rc1 Na5 12. c5 Bd7 13. b3 b6 14. b4 Nc6 15. Qd2
Be8 16. Nc2 a5 17. a3 axb4 18. axb4 bxc5 19. dxc5 e5 20. b5 Na5 21. Qb4 Bg6 22.
Ra1 Nb7 23. Rxa8 Qxa8 24. Ra1 Qb8 25. b6 d4 26. bxc7 Qxc7 27. Ra7 Rb8 28. Nxd4
Qxc5 29. Qb3+ Bf7 30. Rxb7 Rxb7 31. Qxb7 exd4 32. Bxd4 Qxd4 33. Qxe7 Qd1+ 34.
Bf1 Qd5 35. Qh4 h6 36. Qf4 Bg6 37. h4 Kh7 38. Qe3 Qf5 39. Bg2 Kh8 40. Kh2 Qd5
41. Qf4 Kh7 42. f3 exf3 43. Bxf3 Qc5 44. Kg2 Bf5 45. g4 Bc2 46. Qd2 Bg6 47. h5
Bb1 48. Qb2 Bc2 49. Qc1 Qc4 50. Qe3 Bb1 51. Qe5 Bc2 52. Kg3 Qb4 53. Bd5 Qe1+
54. Kg2 Bd3 55. Bf3 Bc2 56. Qe6 Qb4 57. Bd5 Qb8 58. e4 Kh8 59. Qe7 Bb1 60. Kf3
Bc2 61. e5 Qc8 62. Qb4 Qd8 63. Qd6 Qc8 64. Qb4 Qd8 65. Qc5 Bh7 66. Qd6 Qc8 67.
Qc6 Qf8+ 68. Kg2 Qb8 69. e6 Qb2+ 70. Kh3 Qa3+ 71. Kh4 g5+ 72. hxg6 Qe7+ 73. Kg3
Bxg6 74. Qd7 Qf6 75. Qc8+ Kg7 76. Qc7+ Kf8 77. Qd6+ Kg7 78. Bf3 Bf7 79. Bd5
Qc3+ 80. Bf3 Qf6 81. Bd5 Qc3+ 82. Kf2 Qd2+ 83. Kf3 Qd3+ 84. Kf4 Qd4+ 85. Kf3
Qd3+ 1/2-1/2

[Event "23rd ETCC Open 2021"]
[Site "Catez"]
[Date "2021.11.20"]
[Round "8.67"]
[White "Risteski, Emil"]
[Black "Verstraeten, Rein"]
[Result "1-0"]
[ECO "B90"]
[WhiteElo "2315"]
[BlackElo "2386"]
[Annotator "NA"]
[PlyCount "61"]
[EventDate "2021.11.08"]
[EventType "team-tourn"]
[EventCountry "SLO"]
[SourceTitle "playchess.com"]
[Source "ChessBase"]
[SourceQuality "1"]
[WhiteTeam "Macedonia"]
[BlackTeam "Belgium"]
[WhiteTeamCountry "MKD"]
[BlackTeamCountry "BEL"]
[TimeControl "40/5400+30:1800+30"]

1. e4 c5 2. Nf3 d6 3. d4 Nf6 4. Nc3 cxd4 5. Nxd4 a6 6. h3 e5 7. Nb3 Be6 8. Be3
Be7 9. Qf3 Nbd7 10. g4 Nb6 11. g5 Nfd7 12. h4 Rc8 13. Bh3 Nc4 14. O-O-O Nxe3
15. fxe3 Rxc3 16. bxc3 a5 17. Bxe6 fxe6 18. Rhf1 Qc7 19. Qf7+ Kd8 20. Qxe6 a4
21. Rf7 Re8 22. Nd2 Qxc3 23. Qc4 Qa3+ 24. Kb1 Nc5 25. Qb5 Qxe3 26. Nc4 Qe2 27.
Rxd6+ Bxd6 28. Qb6+ Kc8 29. Nxd6+ Kb8 30. Rxb7+ Nxb7 31. Qxb7# 1-0

[Event "23rd ETCC Open 2021"]
[Site "Catez"]
[Date "2021.11.20"]
[Round "8.68"]
[White "Hovhannisyan, Mher"]
[Black "Mihov, Filip"]
[Result "1-0"]
[ECO "A85"]
[WhiteElo "2419"]
[BlackElo "2255"]
[Annotator "NA"]
[PlyCount "79"]
[EventDate "2021.11.08"]
[EventType "team-tourn"]
[EventCountry "SLO"]
[SourceTitle "playchess.com"]
[Source "ChessBase"]
[SourceQuality "1"]
[WhiteTeam "Belgium"]
[BlackTeam "Macedonia"]
[WhiteTeamCountry "BEL"]
[BlackTeamCountry "MKD"]
[TimeControl "40/5400+30:1800+30"]

1. Nf3 d6 2. d4 f5 3. e3 Nf6 4. c4 g6 5. Nc3 Bg7 6. Be2 O-O 7. b4 c6 8. Bb2 Na6
9. b5 Nc7 10. bxc6 bxc6 11. O-O h6 12. Qa4 g5 13. c5 g4 14. cxd6 exd6 15. Nh4
Bd7 16. Ng6 Re8 17. Nf4 Ne6 18. Nxe6 Rxe6 19. Qc2 Ne8 20. d5 cxd5 21. Nxd5 Rc8
22. Qd2 Nf6 23. Nxf6+ Bxf6 24. Rac1 Kg7 25. Bd4 a5 26. Rxc8 Bxc8 27. Bc4 Re8
28. Bxf6+ Qxf6 29. Qxa5 Be6 30. Bxe6 Qxe6 31. g3 Rc8 32. Qa7+ Kg6 33. Rd1 Rc2
34. Qb6 Kf7 35. a4 Qe4 36. Qxd6 Qxa4 37. Qd5+ Kf6 38. Qd8+ Ke6 39. Rd6+ Kf7 40.
Rf6+ 1-0

[Event "23rd ETCC Open 2021"]
[Site "Catez"]
[Date "2021.11.20"]
[Round "8.69"]
[White "Tate, Alan"]
[Black "Mehmeti, Dritan"]
[Result "1/2-1/2"]
[ECO "B90"]
[WhiteElo "2342"]
[BlackElo "2391"]
[Annotator "NA"]
[PlyCount "62"]
[EventDate "2021.11.08"]
[EventType "team-tourn"]
[EventCountry "SLO"]
[SourceTitle "playchess.com"]
[Source "ChessBase"]
[SourceQuality "1"]
[WhiteTeam "Scotland"]
[BlackTeam "Albania"]
[WhiteTeamCountry "SCO"]
[BlackTeamCountry "ALB"]
[TimeControl "40/5400+30:1800+30"]

1. e4 c5 2. Nf3 d6 3. d4 cxd4 4. Nxd4 Nf6 5. Nc3 a6 6. h3 e5 7. Nde2 Be6 8. g4
h5 9. g5 Nfd7 10. Be3 Be7 11. Nd5 Nc6 12. Nec3 Rc8 13. h4 g6 14. Qd2 O-O 15.
O-O-O Re8 16. Nxe7+ Nxe7 17. Qxd6 Qa5 18. a3 Nc5 19. Bxc5 Rxc5 20. Bh3 Nc6 21.
Nd5 Bxd5 22. Rxd5 Rxd5 23. Qxd5 Qb6 24. Qd2 Nd4 25. Qe3 Qc7 26. c3 Rd8 27. Rd1
Nb3+ 28. Kc2 Rxd1 29. Kxd1 Qd6+ 30. Kc2 Na1+ 31. Kc1 Nb3+ 1/2-1/2

[Event "23rd ETCC Open 2021"]
[Site "Catez"]
[Date "2021.11.20"]
[Round "8.70"]
[White "Pasko, Llambi"]
[Black "Bremner, Adam"]
[Result "1-0"]
[ECO "D37"]
[WhiteElo "2417"]
[BlackElo "2204"]
[Annotator "ChessBase"]
[PlyCount "137"]
[EventDate "2021.11.08"]
[EventType "team-tourn"]
[EventCountry "SLO"]
[SourceTitle "playchess.com"]
[Source "ChessBase"]
[SourceQuality "1"]
[WhiteTeam "Albania"]
[BlackTeam "Scotland"]
[WhiteTeamCountry "ALB"]
[BlackTeamCountry "SCO"]
[TimeControl "40/5400+30:1800+30"]

1. d4 Nf6 2. c4 e6 3. Nf3 d5 4. e3 Be7 5. Nc3 O-O 6. Bd3 dxc4 7. Bxc4 a6 8. a4
c5 9. O-O Nc6 10. Qd3 Qc7 11. Rd1 Rd8 12. Qe2 b6 13. d5 exd5 14. Nxd5 Nxd5 15.
Bxd5 Bb7 16. e4 Bf6 17. Bg5 Nd4 18. Nxd4 Bxg5 19. Bxb7 Qxb7 20. Nf5 g6 21. Nd6
Qe7 22. Nc4 Rxd1+ 23. Rxd1 Rd8 24. Rxd8+ Qxd8 25. e5 Be7 26. g3 b5 27. axb5
axb5 28. Na3 b4 29. Nc4 Qd5 30. b3 h5 31. Qd2 Qe4 32. Qe3 Qd5 33. h4 Kg7 34.
Kf1 Qd1+ 35. Kg2 Qd5+ 36. Qf3 Qd4 37. Qb7 Kf8 38. Qc6 Kg7 39. Qf3 Kg8 40. Qe3
Qd5+ 41. Qf3 Qd4 42. Kf1 Qa1+ 43. Ke2 Qa2+ 44. Nd2 Qa1 45. Qd5 Qa6+ 46. Kf3 Qc8
47. Kg2 Qf5 48. Nc4 Kg7 49. Ne3 Qc8 50. f4 Qa6 51. Kf3 Qa1 52. f5 gxf5 53.
Nxf5+ Kf8 54. Kg2 Qa2+ 55. Kh3 Qa6 56. Qf3 Qa1 57. g4 hxg4+ 58. Kxg4 Bd8 59.
Qe3 Qd1+ 60. Kg3 Be7 61. Nxe7 Kxe7 62. Qxc5+ Ke8 63. Qc6+ Ke7 64. Qd6+ Qxd6 65.
exd6+ Kxd6 66. Kf4 Ke6 67. Kg5 f6+ 68. Kg6 f5 69. Kg5 1-0

[Event "23rd ETCC Open 2021"]
[Site "Catez"]
[Date "2021.11.20"]
[Round "8.71"]
[White "Muir, Andrew J"]
[Black "Ashiku, Franc"]
[Result "0-1"]
[ECO "E83"]
[WhiteElo "2254"]
[BlackElo "2419"]
[Annotator "NA"]
[PlyCount "92"]
[EventDate "2021.11.08"]
[EventType "team-tourn"]
[EventCountry "SLO"]
[SourceTitle "playchess.com"]
[Source "ChessBase"]
[SourceQuality "1"]
[WhiteTeam "Scotland"]
[BlackTeam "Albania"]
[WhiteTeamCountry "SCO"]
[BlackTeamCountry "ALB"]
[TimeControl "40/5400+30:1800+30"]

1. d4 Nf6 2. c4 g6 3. Nc3 Bg7 4. e4 d6 5. f3 O-O 6. Be3 a6 7. Qd2 Nc6 8. Nge2
Bd7 9. Nc1 Nh5 10. Nb3 f5 11. exf5 gxf5 12. Be2 a5 13. a4 Kh8 14. O-O f4 15.
Bf2 Bh6 16. Bh4 Qe8 17. g4 Qg6 18. Qd3 Bf5 19. Ne4 Nb4 20. Qb1 Bxg4 21. fxg4 f3
22. Ng5 fxe2 23. Rxf8+ Rxf8 24. Qxg6 hxg6 25. gxh5 Bxg5 26. Bxg5 Nc2 27. Rc1
e1=Q+ 28. Rxe1 Nxe1 29. Bxe7 Rf7 30. Bd8 gxh5 31. Nxa5 c6 32. Bb6 Nd3 33. b3
Kg7 34. Bd8 Kg6 35. Kg2 Ne1+ 36. Kg1 Nf3+ 37. Kg2 Nxd4 38. b4 Nc2 39. b5 Nd4
40. b6 Ne6 41. Bc7 Nxc7 42. Nxb7 Na6 43. Nxd6 Rd7 44. Nc8 Rd4 45. Ne7+ Kf6 46.
Nxc6 Rxc4 0-1

[Event "23rd ETCC Open 2021"]
[Site "Catez"]
[Date "2021.11.20"]
[Round "8.72"]
[White "Seitaj, Ilir"]
[Black "Morrison, Graham"]
[Result "1-0"]
[ECO "B52"]
[WhiteElo "2351"]
[BlackElo "2251"]
[Annotator "NA"]
[PlyCount "119"]
[EventDate "2021.11.08"]
[EventType "team-tourn"]
[EventCountry "SLO"]
[SourceTitle "playchess.com"]
[Source "ChessBase"]
[SourceQuality "1"]
[WhiteTeam "Albania"]
[BlackTeam "Scotland"]
[WhiteTeamCountry "ALB"]
[BlackTeamCountry "SCO"]
[TimeControl "40/5400+30:1800+30"]

1. e4 c5 2. Nf3 d6 3. c3 Nf6 4. Bb5+ Bd7 5. Bxd7+ Nbxd7 6. Qe2 e6 7. O-O Be7 8.
d4 cxd4 9. cxd4 d5 10. e5 Ne4 11. Nbd2 Nxd2 12. Bxd2 Qb6 13. Qd3 O-O 14. Bg5 f6
15. exf6 gxf6 16. Bh4 Bd6 17. Rfe1 Bf4 18. Re2 Rf7 19. Rae1 Nf8 20. Rc2 Re8 21.
Bg3 Bxg3 22. hxg3 Rc7 23. Ree2 Rec8 24. g4 Rxc2 25. Rxc2 Rxc2 26. Qxc2 h6 27.
g3 Qc6 28. Qd2 Kg7 29. Kg2 b6 30. Qf4 Ng6 31. Qb8 Qd7 32. a3 Ne7 33. b4 Nc6 34.
Qf4 Qe7 35. Nh4 Qd7 36. Qd2 Qd6 37. Qc2 Ne7 38. Qa4 Qc7 39. Qe8 e5 40. Nf3 Ng6
41. Qa8 e4 42. Nh2 Qd7 43. Nf1 Qxg4 44. Qxa7+ Kf8 45. Qb8+ Kf7 46. Ne3 Qf3+ 47.
Kg1 Ne7 48. Qxb6 Nf5 49. Qc7+ Kg6 50. Nxf5 Qxf5 51. Qc3 Qd7 52. Qb3 f5 53. b5
f4 54. gxf4 e3 55. fxe3 Qg4+ 56. Kf2 Qh4+ 57. Ke2 Qg4+ 58. Kd2 Qg2+ 59. Kc3 Qe2
60. Qc2+ 1-0

[Event "23rd ETCC Open 2021"]
[Site "Catez"]
[Date "2021.11.20"]
[Round "8.73"]
[White "Saraci, Nderim"]
[Black "Toczek, Grzegorz"]
[Result "1-0"]
[ECO "B51"]
[WhiteElo "2486"]
[BlackElo "2296"]
[Annotator "ChessBase"]
[PlyCount "47"]
[EventDate "2021.11.08"]
[EventType "team-tourn"]
[EventCountry "SLO"]
[SourceTitle "playchess.com"]
[Source "ChessBase"]
[SourceQuality "1"]
[WhiteTeam "Kosovo"]
[BlackTeam "Wales"]
[WhiteTeamCountry "KOS"]
[BlackTeamCountry "WLS"]
[TimeControl "40/5400+30:1800+30"]

1. e4 c5 2. Nf3 d6 3. Bb5+ Nd7 4. O-O Ngf6 5. d4 cxd4 6. Qxd4 e5 7. Qd3 Be7 8.
Bg5 O-O 9. Bxd7 Nxd7 10. Be3 Nf6 11. c4 Ng4 12. Nc3 f5 13. h3 fxe4 14. Nxe4
Nxe3 15. fxe3 Be6 16. Rad1 Rc8 17. b3 Rc6 18. Rd2 h6 19. Nc3 Qe8 20. Rdf2 Bd8
21. Ng5 Bf5 22. Qd5+ Kh8 23. Ne6 g6 24. Nxf8 1-0

[Event "23rd ETCC Open 2021"]
[Site "Catez"]
[Date "2021.11.20"]
[Round "8.74"]
[White "Pleasants, Allan J"]
[Black "Uruci, Endrit"]
[Result "1-0"]
[ECO "D04"]
[WhiteElo "2001"]
[BlackElo "2322"]
[Annotator "NA"]
[PlyCount "77"]
[EventDate "2021.11.08"]
[EventType "team-tourn"]
[EventCountry "SLO"]
[SourceTitle "playchess.com"]
[Source "ChessBase"]
[SourceQuality "1"]
[WhiteTeam "Wales"]
[BlackTeam "Kosovo"]
[WhiteTeamCountry "WLS"]
[BlackTeamCountry "KOS"]
[TimeControl "40/5400+30:1800+30"]

1. d4 Nf6 2. Nf3 d5 3. e3 Bg4 4. h3 Bh5 5. c4 e6 6. Qb3 Bxf3 7. gxf3 Qc8 8. Nc3
c6 9. Bd2 Bd6 10. Rg1 O-O 11. c5 Bc7 12. Bd3 e5 13. dxe5 Bxe5 14. f4 Bc7 15.
Ne2 Nbd7 16. Qc2 Qd8 17. Bc3 Nxc5 18. Bxh7+ Kh8 19. O-O-O Na4 20. Qxa4 Kxh7 21.
f5 Ne8 22. f6 g6 23. Qh4+ Kg8 24. Ng3 Bxg3 25. Rxg3 c5 26. Qh6 d4 27. exd4 Nxf6
28. Rxg6+ fxg6 29. Qxg6+ Kh8 30. Qh6+ Kg8 31. Rg1+ Kf7 32. Rg7+ Ke6 33. Qe3+
Kd5 34. Qe5+ Kc4 35. Qxc5+ Kd3 36. Qb5+ Ke4 37. Qe5+ Kd3 38. Rg3+ Kc4 39. Qc5#
1-0

[Event "23rd ETCC Open 2021"]
[Site "Catez"]
[Date "2021.11.20"]
[Round "8.75"]
[White "Makolli, Perparim"]
[Black "Garcia, Jason"]
[Result "1/2-1/2"]
[ECO "B90"]
[WhiteElo "2245"]
[BlackElo "2028"]
[Annotator "NA"]
[PlyCount "63"]
[EventDate "2021.11.08"]
[EventType "team-tourn"]
[EventCountry "SLO"]
[SourceTitle "playchess.com"]
[Source "ChessBase"]
[SourceQuality "1"]
[WhiteTeam "Kosovo"]
[BlackTeam "Wales"]
[WhiteTeamCountry "KOS"]
[BlackTeamCountry "WLS"]
[TimeControl "40/5400+30:1800+30"]

1. e4 c5 2. Nf3 d6 3. d4 cxd4 4. Nxd4 Nf6 5. Nc3 a6 6. h3 e6 7. Be3 b5 8. Bd3
Nbd7 9. a4 b4 10. Nce2 Bb7 11. Ng3 d5 12. Bg5 Be7 13. exd5 Bxd5 14. O-O O-O 15.
Re1 h6 16. Be3 Nc5 17. Bf1 Nce4 18. Nxe4 Bxe4 19. Bd3 Bxd3 20. Qxd3 Qc7 21.
Rad1 Rfc8 22. Re2 Qc4 23. Nb3 Nd5 24. Bc1 Bf6 25. Na5 Qc5 26. Nb3 Qc4 27. g3
Nb6 28. Re4 Qxc2 29. Rxb4 Qxd3 30. Rxd3 Nd5 31. Rb7 Rc2 32. Rd2 1/2-1/2

[Event "23rd ETCC Open 2021"]
[Site "Catez"]
[Date "2021.11.20"]
[Round "8.76"]
[White "Davis, Lee"]
[Black "Saraci, Korab"]
[Result "0-1"]
[ECO "D79"]
[WhiteElo "1972"]
[BlackElo "2149"]
[Annotator "ChessBase"]
[PlyCount "84"]
[EventDate "2021.11.08"]
[EventType "team-tourn"]
[EventCountry "SLO"]
[SourceTitle "playchess.com"]
[Source "ChessBase"]
[SourceQuality "1"]
[WhiteTeam "Wales"]
[BlackTeam "Kosovo"]
[WhiteTeamCountry "WLS"]
[BlackTeamCountry "KOS"]
[TimeControl "40/5400+30:1800+30"]

1. d4 Nf6 2. Nf3 d5 3. g3 g6 4. Bg2 Bg7 5. O-O O-O 6. c4 c6 7. cxd5 cxd5 8. Nc3
Nc6 9. Ne5 Bf5 10. Nxc6 bxc6 11. Bf4 Nh5 12. Be3 Rb8 13. b3 Nf6 14. Na4 Ng4 15.
Bf4 Rb4 16. e3 e5 17. dxe5 Nxe5 18. Rc1 Qa8 19. Nc5 Rb5 20. Bxe5 Bxe5 21. g4
Bc8 22. a4 Rb8 23. h3 a5 24. Qc2 Qa7 25. Rb1 Rb6 26. Rfc1 Qe7 27. Qd2 Bc7 28.
Nd3 f5 29. Nf4 fxg4 30. Bxd5+ cxd5 31. Nxd5 Qe4 32. Rxc7 Qxb1+ 33. Rc1 Qe4 34.
Rxc8 Rxc8 35. Nxb6 gxh3 36. Qd5+ Qxd5 37. Nxd5 Rc5 38. Nf4 Rc3 39. Kh2 Rxb3 40.
Ne6 Rb2 41. Kxh3 Rxf2 42. Kg3 Rc2 0-1

[Event "23rd ETCC Open 2021"]
[Site "Catez"]
[Date "2021.11.21"]
[Round "9.34"]
[White "Nguyen, Thai Dai Van"]
[Black "Urkedal, Frode Olav Olsen"]
[Result "1/2-1/2"]
[ECO "D37"]
[WhiteElo "2594"]
[BlackElo "2569"]
[Annotator "ChessBase"]
[PlyCount "61"]
[EventDate "2021.11.08"]
[EventType "team-tourn"]
[EventCountry "SLO"]
[SourceTitle "playchess.com"]
[Source "ChessBase"]
[SourceQuality "1"]
[WhiteTeam "Czech Republic"]
[BlackTeam "Norway"]
[WhiteTeamCountry "CZE"]
[BlackTeamCountry "NOR"]
[TimeControl "40/5400+30:1800+30"]

1. Nf3 d5 2. d4 Nf6 3. c4 e6 4. Nc3 Be7 5. Bf4 O-O 6. a3 dxc4 7. e3 Nbd7 8.
Bxc4 c5 9. O-O Nb6 10. Ba2 cxd4 11. Nxd4 Nbd5 12. Nxd5 Nxd5 13. Be5 Qb6 14. Rc1
Bf6 15. Bxf6 Nxf6 16. Qb3 Qxb3 17. Bxb3 Bd7 18. Rc7 Rab8 19. Rfc1 Rfd8 20. h3
Ne8 21. R7c5 Rbc8 22. Kf1 Kf8 23. Rxc8 Rxc8 24. Rxc8 Bxc8 25. Ba4 Nd6 26. Nb5
Nxb5 27. Bxb5 e5 28. Ke2 Ke7 29. Bc4 b6 30. h4 Bb7 31. g3 1/2-1/2

[Event "23rd ETCC Open 2021"]
[Site "Catez"]
[Date "2021.11.21"]
[Round "9.35"]
[White "Hauge, Lars Oskar"]
[Black "Krejci, Jan"]
[Result "1-0"]
[ECO "C47"]
[WhiteElo "2490"]
[BlackElo "2565"]
[Annotator "ChessBase"]
[PlyCount "119"]
[EventDate "2021.11.08"]
[EventType "team-tourn"]
[EventCountry "SLO"]
[SourceTitle "playchess.com"]
[Source "ChessBase"]
[SourceQuality "1"]
[WhiteTeam "Norway"]
[BlackTeam "Czech Republic"]
[WhiteTeamCountry "NOR"]
[BlackTeamCountry "CZE"]
[TimeControl "40/5400+30:1800+30"]

1. e4 e5 2. Nf3 Nf6 3. Nc3 Nc6 4. d4 exd4 5. Nxd4 Bb4 6. Nxc6 bxc6 7. Bd3 O-O
8. O-O d5 9. exd5 cxd5 10. Bg5 c6 11. Qf3 Re8 12. h3 Be7 13. Rfe1 h6 14. Bf4
Be6 15. Ne2 Qb6 16. b3 c5 17. Ng3 c4 18. Bf5 Bc5 19. bxc4 Rad8 20. Rab1 Qa6 21.
Be5 Bxf5 22. Qxf5 Re6 23. cxd5 Rxd5 24. Qf4 g5 25. Rb8+ Bf8 26. Qb4 Nd7 27.
Rxf8+ Nxf8 28. Bc3 Rxe1+ 29. Bxe1 Qd6 30. Qc4 Qe6 31. Qc3 Qe5 32. Qb4 Rb5 33.
Qd2 Rb1 34. Kf1 Ne6 35. Ne2 Qb5 36. Kg1 Qc4 37. Kh2 Nf4 38. Qd8+ Kh7 39. Bc3 f6
40. Qe7+ Kg8 41. Qxf6 Ne6 42. Be5 Rb7 43. Qh8+ Kf7 44. Qh7+ Ke8 45. Qxb7 Qxe2
46. Qb8+ Kf7 47. Qxa7+ Kg6 48. Qe3 Qxc2 49. Qf3 Qf5 50. Qxf5+ Kxf5 51. Bd6 Ke4
52. a4 Kd5 53. Bb4 Kc4 54. Be1 Nf4 55. Kg3 h5 56. Bd2 Ne2+ 57. Kf3 Nd4+ 58. Ke4
g4 59. h4 Ne2 60. g3 1-0